 Dungeon Crawl Stone Soup version 0.24.0-123-gd5b16e6ec5 (webtiles) character file.

Game seed: 9772227974418376765, levelgen mode: deterministic

138 mortelune the Firebug (level 5, 0/28 HPs)
             Began as a Gargoyle Fire Elementalist on Jan 30, 2020.
             Killed by divine providence
             ... invoked by an orc priest
              (11 damage)
             ... on level 3 of the Dungeon.
             The game lasted 00:05:12 (2953 turns).

mortelune the Firebug (Gargoyle Fire Elementalist)  Turns: 2953, Time: 00:05:12

Health: 0/28       AC:  6    Str: 12    XL:     5   Next: 21%
Magic:  3/9        EV: 12    Int: 16    God:
Gold:   69         SH:  0    Dex: 10    Spells: 3/9 levels left

rFire    . . .     SeeInvis +   e - +0 short sword
rCold    . . .     Gourm    .   (no shield)
rNeg     + . .     Faith    .   a - +0 robe
rPois    ∞         Spirit   .   (no helmet)
rElec    +         Reflect  .   (no cloak)
rCorr    .         Harm     .   (no gloves)
MR       .....                  (no boots)
Stlth    ++........             (no amulet)
HPRegen  0.09/turn              f - ring of see invisible
MPRegen  0.11/turn              (no ring)

@: very slightly contaminated
A: negative energy resistance 1, electricity resistance, unbreathing,
petrification resistance, rot immunity, AC +4
a: no special abilities


You were on level 3 of the Dungeon.
You were hungry.

You visited 1 branch of the dungeon, and saw 3 of its levels.

You collected 69 gold pieces.

Inventory:

Hand Weapons
 d - a +0 club
 e - a +0 short sword (weapon)
Armour
 a - a +0 robe (worn)
Jewellery
 f - a ring of see invisible (left hand)
Scrolls
 b - a scroll of teleportation {unknown}
 h - 3 scrolls of identify
 j - a scroll of fear {unknown}
 k - a scroll of remove curse
Potions
 g - a potion of brilliance {unknown}
Comestibles
 c - 5 rations


   Skills:
 - Level 1.5 Dodging
 - Level 2.1 Stealth
 + Level 2.8 Spellcasting
 * Level 3.3 Conjurations
 * Level 4.2 Fire Magic


You had 3 spell levels left.
You knew the following spells:

 Your Spells              Type           Power        Failure   Level  Hunger
a - Flame Tongue          Conj/Fire      ##...        4%          1    #......
b - Throw Flame           Conj/Fire      ##....       6%          2    ##.....
c - Conjure Flame         Conj/Fire      ##......     12%         3    ###....

Your spell library contained the following spells:

 Spells                   Type           Power        Failure   Level  Hunger
 Inner Flame              Hex/Fire       #.......     24%         3    ###....
 Sticky Flame             Conj/Fire      ##......     36%         4    #####..
 Fireball                 Conj/Fire      ##........   73%         5    ######.


Dungeon Overview and Level Annotations

Branches:
Dungeon (3/15)

Altars:
Yredelemnul


Innate Abilities, Weirdness & Mutations

You are resistant to torment.
Your stone body is resilient. (AC +4)
You are immune to poison.
You resist negative energy. (rN+)
You are resistant to electric shocks. (rElec)
You can survive without breathing.
You are immune to petrification.
You are immune to rotting.


Message History

Sparks fly from your hands!
A kobold comes into view.
Casting: Flame Tongue (safe; 4% risk of failure)
Confirm with . or Enter, or press ? or * to list all spells.
Aiming: Flame Tongue (safe; 4% risk of failure)
Press: ? - help, Shift-Dir - straight line, f/p - orc
Aim: an orc, wielding a +0 short sword The flame tongue hits the orc.
The orc is lightly wounded.
The kobold throws a stone.
The stone hits you but does no damage.
A goblin comes into view.
An orc priest comes into view. It is wielding a +0 whip.
The orc hits you but does no damage.
The orc priest shouts!
The orc priest mumbles some strange prayers to Beogh against you.
Beogh smites you!
Ouch! That really hurt!
The orc priest invokes the aid of Beogh against you.
Beogh smites you!
You die...

........###.#
##.#####.##.######## #.#
###.##.##...... #
##.###.#.##.##.#####
.####.##..............#
..........###.#.##.#..#
.####.##..###.#.##.#..#
####.........#.##.#..#####
.......<.@o...^...........
................g.........
####.##..#................
#. #..###.#..#.#....... .
#..# #.#.o#.#.(####. ##
.... ...........>...
...............#.###.
..#..###.......$....
............K.


You could see an orc priest, an orc and a goblin.

Vanquished Creatures
  8 adders (D:2)
  An ooze (D:2)
  A worm (D:2)
  2 leopard geckos (D:2)
  An orc (D:3)
  4 bats
  5 giant cockroaches
  10 goblins
  7 hobgoblins
  2 kobolds
  A quokka (D:2)
  6 frilled lizards
  9 rats
57 creatures vanquished.

Notes
Turn   | Place    | Note
-------+----------+-------------------------------------------
     0 | D:1      | mortelune the Gargoyle Fire Elementalist began the quest
                  | for the Orb.
     0 | D:1      | Reached XP level 1. HP: 10/10 MP: 3/3
   150 | D:1      | Reached XP level 2. HP: 14/15 MP: 1/5
   209 | D:1      | Learned a level 2 spell: Throw Flame
   922 | D:1      | Reached XP level 3. HP: 19/19 MP: 0/6
  1553 | D:2      | Reached XP level 4. HP: 16/24 MP: 1/7
  1815 | D:2      | Reached skill level 4 in Fire Magic
  2106 | D:2      | Found a basalt altar of Yredelemnul.
  2225 | D:2      | Learned a level 3 spell: Conjure Flame
  2432 | D:2      | Reached XP level 5. HP: 28/28 MP: 2/9
  2953 | D:3      | Killed from afar by an orc priest

Levels and vault maps discovered:
D:1:      wander_arrival_chamber, layout_rooms
D:2:      layout_rooms, nicolae_overflow_crystal_walls, first_ration
D:3:      layout_basic, grunt_temple_overflow_diamond, hangedman_decor_push,
          kennysheep_generic_room_9

Skill      XL: |  1  2  3  4 |
---------------+-------------+-----
Conjurations   | 2 3 |  3.3
Fire Magic     | 4 |  4.2
Dodging        | |  1.5
Stealth        | |  2.1
Spellcasting   | |  2.8

Action                   |  1- 3 |  4- 6 || total
-------------------------+-------+-------++-------
Melee: Unarmed           |     6 |       ||     6
       Club              |    13 |       ||    13
       Short sword       |    33 |    26 ||    59
 Cast: Flame Tongue      |    25 |    20 ||    45
       Throw Flame       |    19 |    22 ||    41
  Use: Scroll            |     2 |     1 ||     3
       Potion            |       |     2 ||     2
  Eat: Chunk             |     3 |     6 ||     9
Armor: Robe              |    26 |     4 ||    30
       Skin              |       |    30 ||    30
Dodge: Dodged            |    47 |    21 ||    68
